 Dungeon Crawl Stone Soup version 0.26.0-18-gc5c842f807 (webtiles) character file.

Game seed: 13857854408351542288

216 kaeus the Firebug (level 5, -12/31 HPs)
             Began as an Octopode Fire Elementalist on Jan 22, 2021.
             Was an Initiate of Gozag.
             Killed by divine providence
             ... invoked by an orc priest
              (14 damage)
             ... on level 3 of the Dungeon.
             The game lasted 00:03:03 (3883 turns).

kaeus the Firebug (Octopode Fire Elementalist)      Turns: 3883, Time: 00:03:03

Health: -12/31     AC:  8    Str:  7    XL:     5   Next: 93%
Magic:  8/9        EV: 14    Int: 18    God:    Gozag
Gold:   352        SH:  0    Dex: 13    Spells: 8/9 levels left

rFire    + . .     SeeInvis .   q - +1 dagger (protect)
rCold    + . .     Faith    .   (no shield)
rNeg     . . .     Spirit   .   (helmet restricted)
rPois    .         Reflect  .   (no amulet)
rElec    .         Harm     .   d - ring of protection from cold
rCorr    .         Rampage  .   k - ring of protection from fire
Will     .....                  (no ring)
Stlth    +++.......             (no ring)
HPRegen  0.10/turn              (no ring)
MPRegen  0.11/turn              (no ring)
                                (no ring)
                                (no ring)

@: protection aura
A: almost no armour, stealthy swim, amphibious, 8 rings, constrict 8, camouflage
1, gelatinous body 1
a: Renounce Religion, Potion Petition, Call Merchant, Bribe Branch


You were on level 3 of the Dungeon.
You worshipped Gozag.
Gozag was aware of your devotion.
You visited 1 branch of the dungeon, and saw 4 of its levels.

You collected 379 gold pieces.
You paid 27 gold pieces to Gozag.

Inventory:

Hand Weapons
 q - a +1 dagger of protection (weapon)
Jewellery
 d - a ring of protection from cold (left tentacle)
 k - a ring of protection from fire (right tentacle)
Scrolls
 a - 4 scrolls of identify {unknown}
 e - 2 scrolls of teleportation {unknown}
 f - 2 scrolls of fear {unknown}
 g - 2 scrolls of blinking {unknown}
 l - 5 scrolls of remove curse {unknown}
 m - a scroll of enchant weapon {unknown}
 r - a scroll of amnesia {unknown}
 s - a scroll of enchant armour {unknown}
Potions
 c - a potion of lignification
 h - 2 potions of attraction
 i - a potion of brilliance {unknown}
 j - a potion of might {unknown}
 n - a potion of flight {unknown}
 o - a potion of magic {unknown}
 p - a potion of haste {unknown}


   Skills:
 + Level 3.1 Dodging
 - Level 2.6 Stealth
 + Level 2.9 Spellcasting
 + Level 2.6 Conjurations
 * Level 4.6 Fire Magic


You had 8 spell levels left.
You knew the following spells:

 Your Spells              Type           Power        Failure   Level
a - Foxfire               Conj/Fire      60%          3%          1

Your spell library contained the following spells:

 Spells                   Type           Power        Failure   Level
 Conjure Flame            Conj/Fire      15%          11%         3
 Inner Flame              Hex/Fire       11%          19%         3
 Sticky Flame             Conj/Fire      15%          36%         4
 Fireball                 Conj/Fire      7%           71%         5


Dungeon Overview and Level Annotations

Branches:
Dungeon (4/15)
 Temple: D:4-7

Altars:
Gozag
Qazlal
Wu Jian
Yredelemnul


Innate Abilities, Weirdness & Mutations

You cannot wear most types of armour.
You are very stealthy in the water. (Stealth+)
You are amphibious.
You can wear up to eight rings at the same time.
You can use your tentacles to constrict eight enemies at once.
Your skin changes colour to match your surroundings (Stealth+).
Your rubbery body absorbs attacks. (AC +1, EV +1)


Message History

The orc priest mumbles some strange prayers to Beogh against you.
Beogh smites you!
* * * LOW HITPOINT WARNING * * *
The orc closely misses you.
The orc priest struggles to escape constriction.
You hear a bark!
You take 9 damage, and have 2/31 hp.
MASSIVE DAMAGE!!
You release your grip on the orc priest.
You hear a shout!
The jackal barely misses you. The orc misses you.
You climb upwards.
There is a stone staircase leading down here.
You closely miss the orc priest. You grab the orc priest.
You squeeze the orc priest, but do no damage.
The orc priest is almost dead.
You constrict the orc priest, but do no damage.
The orc priest invokes the aid of Beogh against you.
Beogh smites you!
You die...
Your body crumbles into a pile of gold.

##### ######## #...#
#<......
#.#.#############.
#.................
########.#.#####.####.##.
##.............##.##...##.
#....####.#.##.##....#.##.
#..#.####o#.##.#####.#....
#.......)@.....(.........[
#..(...##########.##.#.###
######.# #....#...# #.#
#.....#### ### #.#.###
#...# #####


You could see an orc priest.

Vanquished Creatures
  A bullfrog (D:3)
  An orc wizard (D:4)
  A worker ant (D:3)
  A gnoll (D:1)
  An adder (D:4)
  A worm (D:3)
  3 dart slugs (D:1)
  2 leopard geckos (D:2)
  4 orcs (D:3)
  9 bats
  4 giant cockroaches
  4 goblins
  11 hobgoblins
  2 jackals (D:3)
  8 kobolds
  A quokka (D:3)
  6 frilled lizards
  7 rats
67 creatures vanquished.

Vanquished Creatures (others)
  199 foxfires
199 creatures vanquished.

Grand Total: 266 creatures vanquished

Notes
Turn   | Place    | Note
-------+----------+-------------------------------------------
     0 | D:1      | kaeus the Octopode Fire Elementalist began the quest for
                  | the Orb.
     0 | D:1      | Reached XP level 1. HP: 11/11 MP: 3/3
   167 | D:1      | Reached XP level 2. HP: 4/17 MP: 0/5
   777 | D:1      | Reached XP level 3. HP: 20/21 MP: 0/6
  1555 | D:2      | Found an opulent altar of Gozag.
  1756 | D:2      | Found a basalt altar of Yredelemnul.
  2163 | D:2      | Reached XP level 4. HP: 27/27 MP: 2/7
  2218 | D:2      | Became a worshipper of Gozag Ym Sagoz the Greedy
  2271 | D:2      | Found an ornate altar of the Wu Jian Council.
  2410 | D:3      | Found a stormy altar of Qazlal.
  2538 | D:3      | Noticed a bullfrog
  2551 | D:3      | Killed a bullfrog
  2552 | D:3      | Reached skill level 4 in Fire Magic
  2552 | D:3      | Reached XP level 5. HP: 7/31 MP: 1/9
  3883 | D:3      | Killed from afar by an orc priest

Illustrated notes

Levels and vault maps discovered:
D:1:      onia_arrival_pyramid, layout_basic
D:2:      layout_basic, lemuel_coloured_pillars_altar,
          overflow_temple_1_default, nicolae_overflow_crystal_walls
D:3:      minmay_chambers_of_threes, layout_basic, lemuel_crystal_altar,
          item_on_display_a
D:4:      layout_loops_ring, serial_shops,
          nicolae_shop_temple_entry_statues_fountains, uniq_grinder

Skill      XL: |  1  2  3  4  5 |
---------------+----------------+-----
Conjurations   | 2 |  2.6
Fire Magic     | 4 |  4.6
Dodging        | 3 |  3.1
Stealth        | |  2.6
Spellcasting   | |  2.9

Action                   |  1- 3 |  4- 6 || total
-------------------------+-------+-------++-------
Melee: Hand axe          |    15 |    32 ||    47
       Constrict         |     7 |    15 ||    22
       Tentacles         |     1 |    11 ||    12
       Dagger            |       |    44 ||    44
 Cast: Foxfire           |    95 |    47 ||   142
  Use: Potion            |       |     5 ||     5
 Stab: Distracted        |       |     1 ||     1
Armor: Skin              |       |    24 ||    24
Dodge: Dodged            |    10 |    59 ||    69
